 Dungeon Crawl Stone Soup version 0.30-a0-632-g346586fe48 (webtiles) character file.

Game seed: 18228042990433484078

107 benadryl the Digger (level 4, -1/42 HPs)
             Began as a Troll Earth Elementalist on Jan 14, 2023.
             Slain by a sky beast (5 damage)
             ... on level 3 of the Dungeon.
             The game lasted 00:03:06 (1582 turns).

benadryl the Digger (Troll Earth Elementalist)      Turns: 1582, Time: 00:03:06

Health: -1/42      AC:  4    Str: 16    XL:     4   Next: 56%
Magic:  4/5        EV: 10    Int: 13    God:
Gold:   179        SH:  0    Dex: 10    Spells: 4/5 levels left

rFire   . . .      SeeInvis .      - Unarmed
rCold   . . .      Faith    .    (no shield)
rNeg    . . .      Spirit   .    a - +0 robe
rPois   .          Reflect  .    (helmet restricted)
rElec   .          Harm     .    (no cloak)
rCorr   .          Rampage  .    (gloves unavailable)
Will    .....                    (boots unavailable)
Stlth   +                        g - amulet of magic regeneration
HPRegen 1.07/turn                (no ring)
MPRegen 0.49/turn                (no ring)

@: no status effects
A: large, unfitting armour, claws 3, regeneration 1, shaggy fur 1, tough skin 1
a: no special abilities


You were on level 3 of the Dungeon.
You visited 1 branch of the dungeon, and saw 3 of its levels.

You collected 179 gold pieces.

Inventory:

Armour
 a - a +0 robe (worn)
Magical Staves
 h - a staff of conjuration
Jewellery
 g - an amulet of magic regeneration (around neck)
 k - a ring of wizardry
Wands
 p - a wand of flame (25)
Scrolls
 e - 2 scrolls of identify {unknown}
 f - a scroll of fear {unknown}
 n - a scroll of noise {unknown}
 r - a scroll of immolation {unknown}
Potions
 b - a potion of magic
 c - a potion of heal wounds {unknown}
 d - 2 potions of lignification {unknown}
 i - a potion of cancellation {unknown}
 j - 2 potions of flight {unknown}
 l - 3 potions of curing {unknown}
 m - 2 potions of mutation {unknown}
 o - 2 potions of resistance {unknown}
 q - 2 potions of degeneration {unknown}


   Skills:
 + Level 1.8 Fighting
 - Level 1.8 Dodging
 - Level 1.2 Stealth
 + Level 2.2 Unarmed Combat
 - Level 1.3 Spellcasting
 - Level 1.0 Transmutations
 - Level 2.8 Earth Magic


You had 4 spell levels left.
You knew the following spells:

 Your Spells              Type           Power      Damage    Failure   Level
a - Sandblast             Erth           16%        2d6       9%          1

Your spell library contained the following spells:

 Spells                   Type           Power      Damage    Failure   Level
 Passwall                 Tmut/Erth      4%         N/A       19%         2
 Stone Arrow              Conj/Erth      8%         3d7       41%         3
 Petrify                  Tmut/Erth      5%         N/A       77%         4


Dungeon Overview and Level Annotations

Branches:
Dungeon (3/15)

Altars:
Cheibriados

Shops:
D:2 =   D:3 (


Innate Abilities, Weirdness & Mutations

You are too large for most types of armour.
You have claws for hands.
Your natural rate of healing is unusually fast.
You are covered in fur. (AC +1)
You have tough skin. (AC +1)


Message History

The sky beast barely misses you.
You barely miss the sky beast. The sky beast barely misses you.
You scratch the sky beast but do no damage.
The sky beast hits you. The sky beast shocks you.
You claw the sky beast!
The sky beast is heavily wounded.
The sky beast flickers out of sight!
Deactivating autopickup; reactivate with Ctrl-A.
Something hits you but does no damage.
You closely miss something. Something hits you but does no damage.
You miss something. Something hits you. Something shocks you.
You scratch something. Something hits you. Something shocks you.
You miss something. Something hits you but does no damage.
You miss something.
A sky beast appears from thin air!
Reactivating autopickup.
The sky beast barely misses you.
You closely miss the sky beast.
The sky beast is heavily wounded.
The sky beast hits you. The sky beast shocks you.
Aiming: Sandblast (safe; 9% risk of failure)
Press: ? - help, Q - select action, (/) - cycle Shift-Dir - straight line, f - sky beast
Aim: a sky beast (heavily wounded, 73% to hit)
The blast of sand hits the sky beast.
The sky beast is severely wounded.
The sky beast hits you. The sky beast shocks you.
* * * LOW HITPOINT WARNING * * *
Aiming: Sandblast (safe; 9% risk of failure)
Press: ? - help, Q - select action, (/) - cycle Shift-Dir - straight line, f/p - sky beast
Aim: a sky beast (severely wounded, 73% to hit)
The blast of sand misses the sky beast.
The sky beast flickers out of sight!
Deactivating autopickup; reactivate with Ctrl-A.
Something hits you.
* * * LOW HITPOINT WARNING * * *
Something shocks you.
* * * LOW HITPOINT WARNING * * *
Something hits you.
* * * LOW HITPOINT WARNING * * *
Something shocks you.
You die...

######## ####.......
#########..........
###.........##.######
#..<...#######.#
#.#......##....#
#..###.#...######
#.@# #...........#
#.{# #.#...#####.#
#......##.##
#.#######.# #. #..
#.## #### #....
#...)########
..........<#


There were no monsters in sight!

Vanquished Creatures
  Ijyb (D:3)
  3 adders
  A worm (D:2)
  A dart slug (D:1)
  An orc (D:3)
  4 ball pythons
  3 endoplasms
  2 giant cockroaches
  4 goblins
  6 hobgoblins
  5 kobolds
  A quokka (D:2)
  7 bats
  3 frilled lizards
  7 rats
49 creatures vanquished.

Notes
Turn   | Place    | Note
-------+----------+-------------------------------------------
     0 | D:1      | benadryl the Troll Earth Elementalist began the quest for
                  | the Orb.
     0 | D:1      | Reached XP level 1. HP: 16/16 MP: 1/1
   215 | D:1      | Reached XP level 2. HP: 24/24 MP: 2/2
   541 | D:1      | Reached skill level 1 in Transmutations
   593 | D:1      | Reached XP level 3. HP: 32/32 MP: 4/4
   779 | D:2      | Found a snail-covered altar of Cheibriados.
   804 | D:2      | Reached skill level 1 in Fighting
   804 | D:2      | Reached skill level 1 in Unarmed Combat
   840 | D:2      | Found Ziov's Jewellery Boutique.
  1137 | D:3      | Found Tarot's Antique Weapon Shoppe.
  1254 | D:3      | Reached XP level 4. HP: 20/41 MP: 5/5
  1292 | D:3      | Noticed Ijyb
  1347 | D:3      | Killed Ijyb
  1568 | D:3      | Noticed a sky beast
  1582 | D:3      | Slain by a sky beast

Illustrated notes

Levels and vault maps discovered:
D:1:      eino_arrival_cavern_d, layout_loops_cross
D:2:      layout_rooms, basic_altar, serial_shops, shop
D:3:      layout_loops_ring, serial_shops, shop, uniq_sigmund, uniq_ijyb

Skill      XL: |  1  2  3  4 |
---------------+-------------+-----
Transmutations | 1 |  1.0
Fighting       | 1 |  1.8
Unarmed Combat | 1 2 |  2.2
Dodging        | |  1.8
Stealth        | |  1.2
Spellcasting   | |  1.3
Earth Magic    | |  2.8

Action                   |  1- 3 |  4- 6 || total
-------------------------+-------+-------++-------
Melee: Unarmed           |   145 |    53 ||   198
 Cast: Sandblast         |     1 |     2 ||     3
 Stab: Sleeping          |     4 |       ||     4
Armor: Robe              |    53 |    10 ||    63
Dodge: Dodged            |    61 |    24 ||    85

Table legend: (Time is in decaauts)
 A = Elapsed time spent in this place.
 B = Non-inter-level travel time spent in this place.
 C = Inter-level travel time spent in this place.
 D = Time resting spent in this place.
 E = Time spent auto-exploring this place.
 F = Levels seen in this place.
 G = Mean time per level.
                   A        B        C        D        E       F      G
               +--------+--------+--------+--------+--------+-----+--------+
         Total |   1577 |   1531 |     46 |      0 |   1115 |   3 |  525.7 |
       Dungeon |   1577 |   1531 |     46 |      0 |   1115 |   3 |  525.7 |
               +--------+--------+--------+--------+--------+-----+--------+

Top non-repeatable levels by time:
     D:1: 719 daAuts
     D:3: 443 daAuts
     D:2: 415 daAuts
